TOP OF THE 1ST |
Spokane Trappers batting - Pitching for San Jose Missions : LHP Phil Davis
|
Pitching: LHP Phil Davis
|
|
Batting: RHB Warren Martin
|
0-0: Swinging Strike 0-1: Ball 1-1: Foul Ball, location: 2F 1-2: Fly out, F6 (Line Drive, 6)
|
Batting: RHB Carlos García
|
0-0: Called Strike 0-1: Ball 1-1: Ball 2-1: Ball 3-1: Base on Balls
|
Batting: LHB Lorenzo Flores
|
0-0: Ball 1-0: Ball 2-0: Ball 3-0: Called Strike 3-1: Foul Ball, location: 2F 3-2: Foul Ball, location: 2F 3-2: 2-RUN HOME RUN (Flyball, 89XD), Distance : 416 ft
|
Batting: SHB Chris Bennis
|
0-0: Ball 1-0: Swinging Strike 1-1: Ball 2-1: Ball 3-1: Base on Balls
|
Batting: RHB Danny Crouch
|
0-0: Called Strike 0-1: Ball 1-1: Ball 2-1: Foul Ball, location: 2F 2-2: Foul Ball, location: 2F 2-2: Strikes out swinging
|
Batting: RHB Alberto Velásquez
|
0-0: Ball 1-0: Foul Ball, location: 2F 1-1: Ball 2-1: Fly out, F9 (Flyball, 89M)
|
Top of the 1st over - 2 runs, 1 hit, 0 errors, 1 left on base; Spokane 2 - San Jose 0 |
BOTTOM OF THE 1ST |
San Jose Missions batting - Pitching for Spokane Trappers : RHP Rich Townsley
|
Pitching: RHP Rich Townsley
|
|
Batting: RHB Dan Mason
|
0-0: Called Strike 0-1: Ball 1-1: Foul Ball, location: 2F 1-2: Strikes out swinging
|
Batting: RHB Chase Mueller
|
0-0: Foul Ball, location: 2F 0-1: Foul Ball, location: 2F 0-2: Strikes out swinging
|
Batting: RHB Jorge Díaz
|
0-0: Ball 1-0: Foul Ball, location: 2F 1-1: Foul Ball, location: 2F 1-2: Foul Ball, location: 2F 1-2: Ball 2-2: Ball 3-2: Base on Balls
|
Batting: RHB Julian Lee
|
0-0: Ball 1-0: Foul Ball, location: 2F 1-1: SINGLE (Flyball, 7LS) Jorge Díaz to second
|
Batting: LHB Frank Geddes
|
0-0: Called Strike 0-1: Swinging Strike 0-2: Ball 1-2: Strikes out swinging
|
Bottom of the 1st over - 0 runs, 1 hit, 0 errors, 2 left on base; Spokane 2 - San Jose 0 |
TOP OF THE 2ND |
Spokane Trappers batting - Pitching for San Jose Missions : LHP Phil Davis
|
Batting: RHB Freddy Padilla
|
0-0: Called Strike 0-1: SINGLE (Line Drive, 4D)
|
Batting: RHB Mario Carranza
|
0-0: Called Strike 0-1: Called Strike 0-2: Ball 1-2: Ball 2-2: Fly out, F5 (Popup, 5S)
|
Batting: RHB Juan Velásquez
|
0-0: Called Strike 0-1: Ground out U3 (Groundball, 34S) Freddy Padilla to second
|
Batting: RHB Warren Martin
|
0-0: Ball 1-0: Foul Ball, location: 2F 1-1: Swinging Strike 1-2: Fly out, F9 (Flyball, 89M)
|
Top of the 2nd over - 0 runs, 1 hit, 0 errors, 1 left on base; Spokane 2 - San Jose 0 |
BOTTOM OF THE 2ND |
San Jose Missions batting - Pitching for Spokane Trappers : RHP Rich Townsley
|
Batting: RHB Ed Starr
|
0-0: Ball 1-0: Called Strike 1-1: Foul Ball, location: 2F 1-2: Ball 2-2: Foul Ball, location: 2F 2-2: Ball 3-2: Base on Balls
|
Batting: RHB Jaime Rodríguez
|
0-0: Ball 1-0: Swinging Strike 1-1: SINGLE (Groundball, 6MD) Ed Starr to second Runner from 2nd tries for 3rd, SAFE, no throw
|
Batting: RHB Dave Wookey
|
0-0: Called Strike 0-1: Foul Ball, location: 2F 0-2: Ball 1-2: Strikes out swinging
|
Batting: SHB David Johnstone
|
0-0: Ball 1-0: Called Strike 1-1: Ball 2-1: Ball 3-1: Called Strike 3-2: Foul Ball, location: 2F 3-2: Strikes out swinging
|
Batting: RHB Dan Mason
|
0-0: Called Strike 0-1: Foul Ball, location: 2F 0-2: DOUBLE (Line Drive, 89M) Ed Starr scores Jaime Rodríguez to third Runner from 3rd tries for Home, SAFE, throw made at trailing runner, SAFE at third!
|
Batting: RHB Chase Mueller
|
0-0: Ball 1-0: Swinging Strike 1-1: Ball 2-1: Called Strike 2-2: Ground out 4-3 (Groundball, 4)
|
Bottom of the 2nd over - 2 runs, 2 hits, 0 errors, 1 left on base; Spokane 2 - San Jose 2 |
TOP OF THE 3RD |
Spokane Trappers batting - Pitching for San Jose Missions : LHP Phil Davis
|
Batting: RHB Carlos García
|
0-0: Ball 1-0: Ball 2-0: Fly out, F9 (Flyball, 9)
|
Batting: LHB Lorenzo Flores
|
0-0: Ball 1-0: SINGLE (Line Drive, 9S)
|
Batting: SHB Chris Bennis
|
0-0: Ball 1-0: Foul Ball, location: 2F 1-1: Ball 2-1: Foul Ball, location: 2F 2-2: Ball 3-2: Strikes out swinging
|
Batting: RHB Danny Crouch
|
0-0: Ball 1-0: Called Strike 1-1: Ball 2-1: Foul Ball, location: 2F 2-2: Foul Ball, location: 2F 2-2: Foul Ball, location: 2F 2-2: Foul Ball, location: 2F 2-2: Ball 3-2: Fly out, F5 (Line Drive, 56S)
|
Top of the 3rd over - 0 runs, 1 hit, 0 errors, 1 left on base; Spokane 2 - San Jose 2 |
BOTTOM OF THE 3RD |
San Jose Missions batting - Pitching for Spokane Trappers : RHP Rich Townsley
|
Batting: RHB Jorge Díaz
|
0-0: SOLO HOME RUN (Flyball, 7LD), Distance : 348 ft
|
Batting: RHB Julian Lee
|
0-0: Ball 1-0: Ball 2-0: Called Strike 2-1: Foul Ball, location: 2F 2-2: SINGLE (Flyball, 78S)
|
Batting: LHB Frank Geddes
|
0-0: Swinging Strike 0-1: Ball 1-1: Foul Ball, location: 2F 1-2: Foul Ball, location: 2F 1-2: Foul Ball, location: 2F 1-2: Ball 2-2: Foul Ball, location: 2F 2-2: Foul Ball, location: 2F 2-2: Foul Ball, location: 2F 2-2: Ball 3-2: Ground out 5-3 (Groundball, 56S) Julian Lee to second
|
Batting: RHB Ed Starr
|
0-0: Called Strike 0-1: Foul Ball, location: 2F 0-2: Fly out, F3 (Line Drive, 34S)
|
Batting: RHB Jaime Rodríguez
|
0-0: Ball Julian Lee steals 3rd base 1-0: Ball 2-0: Called Strike 2-1: Foul Ball, location: 2F 2-2: Strikes out swinging
|
Bottom of the 3rd over - 1 run, 2 hits, 0 errors, 1 left on base; Spokane 2 - San Jose 3 |
TOP OF THE 4TH |
Spokane Trappers batting - Pitching for San Jose Missions : LHP Phil Davis
|
Batting: RHB Alberto Velásquez
|
0-0: Called Strike 0-1: Called Strike 0-2: Foul Ball, location: 2F 0-2: Ball 1-2: Foul Ball, location: 2F 1-2: Foul Ball, location: 2F 1-2: Fly out, F9 (Flyball, 9D)
|
Batting: RHB Freddy Padilla
|
0-0: Ball 1-0: Swinging Strike 1-1: Ball 2-1: Foul Ball, location: 2F 2-2: Strikes out swinging
|
Batting: RHB Mario Carranza
|
0-0: Ground out 1-3 (Groundball, 13)
|
Top of the 4th over - 0 runs, 0 hits, 0 errors, 0 left on base; Spokane 2 - San Jose 3 |
BOTTOM OF THE 4TH |
San Jose Missions batting - Pitching for Spokane Trappers : RHP Rich Townsley
|
Batting: RHB Dave Wookey
|
0-0: Foul Ball, location: 2F 0-1: Ball 1-1: Called Strike 1-2: Strikes out swinging
|
Batting: SHB David Johnstone
|
0-0: Ball 1-0: Fly out, F6 (Line Drive, 6)
|
Batting: RHB Dan Mason
|
0-0: Ball 1-0: Ground out 4-3 (Groundball, 4)
|
Bottom of the 4th over - 0 runs, 0 hits, 0 errors, 0 left on base; Spokane 2 - San Jose 3 |
TOP OF THE 5TH |
Spokane Trappers batting - Pitching for San Jose Missions : LHP Phil Davis
|
Batting: RHB Juan Velásquez
|
0-0: Foul Ball, location: 2F 0-1: Ground out 6-3 (Groundball, 6)
|
Batting: RHB Warren Martin
|
0-0: Called Strike 0-1: Ball 1-1: Ground out U3 (Groundball, 34)
|
Batting: RHB Carlos García
|
0-0: Ball 1-0: Foul Ball, location: 2F 1-1: Ball 2-1: Ground out 5-3 (Groundball, 56)
|
Top of the 5th over - 0 runs, 0 hits, 0 errors, 0 left on base; Spokane 2 - San Jose 3 |
BOTTOM OF THE 5TH |
San Jose Missions batting - Pitching for Spokane Trappers : RHP Rich Townsley
|
Batting: RHB Chase Mueller
|
0-0: Called Strike 0-1: Ball 1-1: Ball 2-1: Foul Ball, location: 2F 2-2: Ball 3-2: Fly out, F8 (Flyball, 89D)
|
Batting: RHB Jorge Díaz
|
0-0: Foul Ball, location: 2F 0-1: Foul Ball, location: 2F 0-2: Ball 1-2: Strikes out swinging
|
Batting: RHB Julian Lee
|
0-0: Ball 1-0: Ground out 4-3 (Groundball, 34)
|
Bottom of the 5th over - 0 runs, 0 hits, 0 errors, 0 left on base; Spokane 2 - San Jose 3 |
TOP OF THE 6TH |
Spokane Trappers batting - Pitching for San Jose Missions : LHP Phil Davis
|
Pitching: RHP Kazuo Mochizuki
|
|
Batting: LHB Lorenzo Flores
|
0-0: Ball 1-0: Foul Ball, location: 2F 1-1: SOLO HOME RUN (Flyball, 9D), Distance : 384 ft
|
Batting: SHB Chris Bennis
|
0-0: Ball 1-0: Called Strike 1-1: SINGLE (Line Drive, 8LS)
|
Batting: RHB Danny Crouch
|
0-0: Called Strike 0-1: Foul Ball, location: 2F 0-2: Ball 1-2: Ball 2-2: Strikes out swinging
|
Batting: RHB Alberto Velásquez
|
0-0: Ball 1-0: Foul Ball, location: 2F 1-1: Grounds into double play, 4-6-3 (Groundball, 34)
|
Top of the 6th over - 1 run, 2 hits, 0 errors, 0 left on base; Spokane 3 - San Jose 3 |
BOTTOM OF THE 6TH |
San Jose Missions batting - Pitching for Spokane Trappers : RHP Rich Townsley
|
Pitching: RHP Edgardo Martínez
|
|
Batting: LHB Frank Geddes
|
0-0: Ball 1-0: Called Strike 1-1: Ball 2-1: Foul Ball, location: 2F 2-2: Ground out U3 (Groundball, 34)
|
Batting: RHB Ed Starr
|
0-0: Ground out 6-3 (Groundball, 6)
|
Batting: RHB Jaime Rodríguez
|
0-0: Ball 1-0: Called Strike 1-1: Called Strike 1-2: Ground out 5-3 (Groundball, 56S)
|
Bottom of the 6th over - 0 runs, 0 hits, 0 errors, 0 left on base; Spokane 3 - San Jose 3 |
TOP OF THE 7TH |
Spokane Trappers batting - Pitching for San Jose Missions : RHP Kazuo Mochizuki
|
Pinch Hitting: LHB Harry Pitts
|
0-0: Ball 1-0: Called Strike 1-1: Called Strike 1-2: Ball 2-2: Foul Ball, location: 2F 2-2: Fly out, F7 (Flyball, 7S)
|
Batting: RHB Mario Carranza
|
0-0: Foul Ball, location: 2F 0-1: SINGLE (Groundball, 4MD)
|
Batting: RHB Juan Velásquez
|
0-0: Called Strike 0-1: Ball 1-1: Called Strike 1-2: Ball 2-2: Foul Ball, location: 2F 2-2: Strikes out swinging
|
Batting: RHB Warren Martin
|
0-0: SINGLE (Groundball, 6MD) Mario Carranza to second Runner from 2nd tries for 3rd, SAFE, no throw
|
Batting: RHB Carlos García
|
0-0: Foul Ball, location: 2F 0-1: Called Strike 0-2: Strikes out looking
|
Top of the 7th over - 0 runs, 2 hits, 0 errors, 2 left on base; Spokane 3 - San Jose 3 |
BOTTOM OF THE 7TH |
San Jose Missions batting - Pitching for Spokane Trappers : RHP Edgardo Martínez
|
Now at 2B: Dave Mullen
|
|
Batting: RHB Dave Wookey
|
0-0: Called Strike 0-1: Ball 1-1: SINGLE (Line Drive, 7)
|
Batting: SHB David Johnstone
|
0-0: Called Strike 0-1: Called Strike 0-2: Ball 1-2: Ball 2-2: Foul Ball, location: 2F 2-2: Fly out, F7 (Line Drive, 7)
|
Batting: RHB Dan Mason
|
0-0: Called Strike 0-1: Ball 1-1: Ball 2-1: Grounds into double play, 6-4-3 (Groundball, 56)
|
Bottom of the 7th over - 0 runs, 1 hit, 0 errors, 0 left on base; Spokane 3 - San Jose 3 |
TOP OF THE 8TH |
Spokane Trappers batting - Pitching for San Jose Missions : RHP Kazuo Mochizuki
|
Batting: LHB Lorenzo Flores
|
0-0: Ball 1-0: Ball 2-0: Swinging Strike 2-1: Ball 3-1: Base on Balls
|
Batting: SHB Chris Bennis
|
0-0: Called Strike 0-1: Ball 1-1: Ball 2-1: Foul Ball, location: 2F 2-2: Ball 3-2: Fly out, F8 (Flyball, 8LM)
|
Batting: RHB Danny Crouch
|
0-0: Called Strike 0-1: Ball 1-1: Foul Ball, location: 2F 1-2: Foul Ball, location: 2F 1-2: Strikes out looking
|
Pinch Hitting: LHB Sixto Cantú
|
0-0: Called Strike 0-1: Ball 1-1: Foul Ball, location: 2F 1-2: Ball 2-2: Foul Ball, location: 2F 2-2: Ball 3-2: Strikes out swinging
|
Top of the 8th over - 0 runs, 0 hits, 0 errors, 1 left on base; Spokane 3 - San Jose 3 |
BOTTOM OF THE 8TH |
San Jose Missions batting - Pitching for Spokane Trappers : RHP Edgardo Martínez
|
Now at SS: Tommy Evans
|
|
Pinch Hitting: LHB Chris Moore
|
0-0: Called Strike 0-1: Foul Ball, location: 2F 0-2: Strikes out swinging
|
Batting: RHB Jorge Díaz
|
0-0: Foul Ball, location: 2F 0-1: Foul Ball, location: 2F 0-2: Ball 1-2: Foul Ball, location: 2F 1-2: Ball 2-2: Ground out 6-3 (Groundball, 6MS)
|
Batting: RHB Julian Lee
|
0-0: Called Strike 0-1: Ground out 1-3 (Groundball, P)
|
Bottom of the 8th over - 0 runs, 0 hits, 0 errors, 0 left on base; Spokane 3 - San Jose 3 |
TOP OF THE 9TH |
Spokane Trappers batting - Pitching for San Jose Missions : RHP Kazuo Mochizuki
|
Pitching: RHP Terry Adams
|
|
Now at 3B: Alberto Ramos
|
|
Pinch Hitting: LHB Alan Moore
|
0-0: Ball 1-0: Ground out 5-3 (Groundball, 5S)
|
Pinch Hitting: LHB Colin Ives
|
0-0: Ball 1-0: Called Strike 1-1: Ball 2-1: Fly out, F4 (Line Drive, 4)
|
Batting: RHB Juan Velásquez
|
0-0: Ball 1-0: Ball 2-0: Called Strike 2-1: Called Strike 2-2: Foul Ball, location: 2F 2-2: Strikes out swinging
|
Top of the 9th over - 0 runs, 0 hits, 0 errors, 0 left on base; Spokane 3 - San Jose 3 |
BOTTOM OF THE 9TH |
San Jose Missions batting - Pitching for Spokane Trappers : RHP Edgardo Martínez
|
Now at C: José Martínez
|
|
Now at 2B: Orlando Bruno
|
|
Batting: LHB Frank Geddes
|
0-0: Ball 1-0: Ball 2-0: Ball 3-0: Base on Balls
|
Batting: RHB Ed Starr
|
0-0: Ball 1-0: Ball 2-0: Ball 3-0: Swinging Strike 3-1: Sac Bunt - play at first, batter OUT! 2-4 Frank Geddes to second
|
Pinch Hitting: LHB Weston Chaney
|
0-0: Intentional Walk
|
Batting: RHB Dave Wookey
|
0-0: Called Strike 0-1: Fly out, F7 (Flyball, 7LSF)
|
Batting: SHB David Johnstone
|
0-0: Ball 1-0: Ball 2-0: SINGLE (Groundball, 5D) Frank Geddes to third Weston Chaney to second Runner from 3rd tries for Home, SAFE, no throw
|
Saturday, April 7th, 2018 - OOTP Baseball 18.8 Build 76
|
|